 Dungeon Crawl Stone Soup version 0.32-a0-616-g9348d4545b (webtiles) character file.

Game seed: 13233424085836706388

52741 zenocrate the Fighter (level 14, -1/130 (135) HPs)
             Began as an Octopode Earth Elementalist on Mar 6, 2024.
             Was a High Priest of Hepliaklqana.
             Slain by a spectral anaconda (11 damage)
             ... on level 5 of the Lair of Beasts.
             The game lasted 00:37:48 (22720 turns).

zenocrate the Fighter (OpEE)                       Turns: 22720, Time: 00:37:49

HP:   -1/130 (135)  AC: 14    Str:  8    XL:     14   Next: 65%
MP:   22/27         EV: 12    Int: 21    God:    Hepliaklqana [*****.]
Gold: 798           SH:  0    Dex: 13    Spells: 6/31 levels left

rFire   + .          .
                       - Unarmed
rCold   + . .        (no shield)
rNeg    + . .        x - +1 hat
rPois   .            C - amulet of faith
rElec   .            e - +4 ring of protection
rCorr   +            X - ring of resist corrosion
SInv    .            o - +4 ring of protection
Will    +....        q - +5 ring of evasion Stlth
                     w - +4 ring of protection
HPRegen 0.41/turn    v - ring of protection from cold
MPRegen 0.20/turn    s - ring of positive energy
                     J - ring of protection from fire

%: faith
@: berserking, constricted, lightly drained, very quick
A: reduced essence, almost no armour, amphibious, 8 rings, camouflage 1,
gelatinous body 1, (nimble swimmer 1), tentacles
a: Renounce Religion, Recall Ancestor, Ancestor Identity, Transference, Idealise


You were on level 5 of the Lair of Beasts.
You worshipped Hepliaklqana.
Hepliaklqana was extremely pleased with you.
You visited 3 branches of the dungeon, and saw 16 of its levels.
You also visited: Sewer and Volcano.

You collected 1209 gold pieces.
You spent 411 gold pieces at shops.

Inventory:

Missiles
 u - 5 throwing nets
Armour
 x - a +1 hat (worn)
Magical Staves
 a - a staff of cold
Jewellery
 e - a +4 ring of protection (left tentacle)
 h - a ring of flight
 o - a +4 ring of protection (on tentacle)
 q - a +5 ring of evasion (on tentacle)
 s - a ring of positive energy (on tentacle)
 v - a ring of protection from cold (on tentacle)
 w - a +4 ring of protection (on tentacle)
 C - an amulet of faith (around mantle)
 E - a ring of protection from cold
 J - a ring of protection from fire (on tentacle)
 X - a ring of resist corrosion (right tentacle)
Talismans
 D - the maw talisman "Owkug" {rElec rN+ Int+3}
   (You found it on level 5 of the Dungeon)

   [maw talisman]

   Int+3:     It affects your intelligence (+3).
   rElec:     It insulates you from electricity.
   rN+:       It protects you from negative energy.
Wands
 g - a wand of light (11)
 r - a wand of flame (20)
 N - a wand of iceblast (12)
 R - a wand of mindburst (9)
 S - a wand of charming (4)
 V - a wand of digging (4)
Scrolls
 b - 2 scrolls of silence
 f - 8 scrolls of teleportation
 l - a scroll of identify
 m - 4 scrolls of fog
 p - 3 scrolls of fear
 t - 2 scrolls of immolation
 z - a scroll of summoning
 B - 2 scrolls of blinking
 G - 2 scrolls of vulnerability
 H - 3 scrolls of poison
 K - a scroll of revelation
Potions
 c - a potion of cancellation
 d - 3 potions of enlightenment
 i - a potion of ambrosia
 j - 4 potions of heal wounds
 k - 4 potions of might
 y - 3 potions of magic
 F - a potion of lignification
 I - 3 potions of curing
 L - 2 potions of invisibility
 P - 4 potions of brilliance
 T - 2 potions of resistance
 Y - a potion of haste
Miscellaneous
 W - a phial of floods (inert)


   Skills:
 + Level 11.1 Fighting
 + Level 10.1 Dodging
 - Level 6.8 Stealth
 - Level 3.5 Unarmed Combat
 + Level 9.3 Spellcasting
 - Level 8.0 Conjurations
 - Level 2.7 Necromancy
 + Level 5.3 Fire Magic
 - Level 8.5 Earth Magic
 + Level 5.7 Alchemy
 - Level 6.7 Invocations
 - Level 6.4 Evocations
 + Level 5.9 Shapeshifting


You had 6 spell levels left.
You knew the following spells:

 Your Spells              Type           Power      Damage    Failure   Level
a - Stone Arrow           Conj/Erth      88%        3d12      1%          3
b - Sticky Flame          Fire/Alch      33%        2d7       7%          4
c - Swiftness             Air            9%         N/A       22%         3
d - Dispel Undead         Necr           21%        3d11      22%         4
e - Freezing Cloud        Conj/Ice/Air   10%        6-21      54%         5
f - Brom's Barrelling Bo  Conj/Erth      44%        2d6       2%          4
x - Blink                 Tloc           18%        N/A       11%         2

Your spell library contained the following spells:

 Spells                   Type           Power      Damage    Failure   Level
 Kiss of Death            Conj/Necr      100%       2d13      1%          1
 Magic Dart               Conj           100%       1d8       1%          1
 Sandblast                Erth           90%        2d19      1%          1
 Shock                    Conj/Air       100%       1d9       1%          1
 Passwall                 Erth           45%        N/A       1%          3
 Cigotuvi's Dreadful Rot  Necr/Alch/Air  42%        N/A       3%          2
 Sublimation of Blood     Necr           21%        N/A       3%          2
 Petrify                  Alch/Erth      39%        N/A       3%          4
 Ignite Poison            Fire/Alch      33%        N/A       7%          4
 Call Imp                 Summ           18%        N/A       11%         2
 Lesser Beckoning         Tloc           18%        N/A       11%         2
 Confusing Touch          Hex            9%         N/A       22%         3
 Gell's Gravitas          Tloc           9%         N/A       22%         3
 Teleport Other           Tloc           9%         N/A       22%         3
 Airstrike                Air            4%         2d(1-17)  56%         4
 Summon Hydra             Summ           4%         N/A       100%        7
 Ignition                 Fire           16%        3d6       100%        8


Dungeon Overview and Level Annotations

Branches:
Dungeon (10/15)            Temple (1/1) D:6            Lair (5/5) D:8
 Shoals (0/4) Lair:2       Spider (0/4) Lair:2        Slime (0/5) Lair:4
    Orc (0/2) D:10          Sewer (visited)         Volcano (visited)

Altars:
Ashenzari
Cheibriados
Dithmenos
Elyvilon
Fedhas
Gozag
Hepliaklqana
Kikubaaqudgha
Makhleb
Nemelex Xobeh
Okawaru
Qazlal
Ru
Sif Muna
Trog
Uskayaw
Vehumet
Wu Jian
Xom
Yredelemnul
Zin
The Shining One
Jiyva

Shops:
D:9 *

Annotations:
D:8 3 runed translucent doors, jasper's ghost, journeyman DsCA
Lair:4 1 runed translucent door


Innate Abilities, Weirdness & Mutations

Your life essence is reduced to manifest your ancestor. (-10% HP)
You cannot wear most types of armour.
You are amphibious.
You can wear up to eight rings at the same time.
Your skin changes colour to match your surroundings (Stealth+).
Your rubbery body absorbs attacks. (AC +1, EV +1)
((You are camouflaged when in or above water. (Stealth+)))
You have tentacles for arms and can constrict up to eight enemies at once.


Message History

You squeeze the dire elephant!
The dire elephant is severely wounded.
The spectral anaconda bites you.
* * * LOW HITPOINT WARNING * * *
The spectral anaconda constricts you.
* * * LOW HITPOINT WARNING * * *
The spectral anaconda bites you.
* * * LOW HITPOINT WARNING * * *
You partially resist.
You feel drained. The spectral anaconda constricts you.
Unknown command.
You tentacle-slap the dire elephant.
The dire elephant is almost dead.
The dire elephant closely misses you.
The dire elephant trunk-slaps you but does no damage.
The spectral anaconda barely misses you.
The spectral anaconda constricts you.
* * * LOW HITPOINT WARNING * * *
You tentacle-slap the dire elephant.
You tentacle-slap the dire elephant, but do no damage.
The dire elephant is almost dead.
The spectral anaconda bites you but does no damage.
The spectral anaconda constricts you.
* * * LOW HITPOINT WARNING * * *
The dire elephant tramples you!
* * * LOW HITPOINT WARNING * * *
You are held in place!
The dire elephant trunk-slaps you.
* * * LOW HITPOINT WARNING * * *
Unknown command.
You bludgeon the dire elephant!
You squeeze the dire elephant, but do no damage.
The dire elephant is almost dead.
The spectral anaconda bites you!
* * * LOW HITPOINT WARNING * * *
The spectral anaconda constricts you.
Unknown command.
You tentacle-slap the dire elephant but do no damage.
The dire elephant is almost dead.
The spectral anaconda bites you!
You die...
Hepliaklqana delivers you to your ancestors.

###P.........♣ #......#P...... ##
####''#''####♣♣..
ß##~~.##ß....#..ß# ###
Y'~≈~.Z$Y....#...# ####.##
.'≈≈≈~.#ß.####.#†# #.....##
ß#≈≈≈≈ ####....#'####### #......#
##.~~ #....####YZ...ß# #.....P#
###. ###.#### #@....(# #......P
ß#####...###♣♣##.....ß# ##......#
.......###P..P♣##########.......#
########♣P......♣♣######.......P#
................................#
...............................P#
................................#
...............................##
..~............................##


You could see a dire elephant and a spectral anaconda.

Vanquished Creatures
  A dire elephant (Lair:5)
  Snorg (Lair:4)
  Josephine (Lair:5)
  A two-headed ogre (D:6)
  3 skysharks
  A spectral death yak (Lair:5)
  A necromancer (Lair:5)
  4 oklob plants (Lair:4)
  A manticore (D:7)
  10 elephants
  A molten gargoyle (Volcano)
  A black mamba (Lair:4)
  8 cane toads
  A gargoyle (Volcano)
  A dire elephant skeleton (Lair:5)
  A smoke demon (Volcano)
  2 rime drakes (Lair:4)
  10 komodo dragons
  2 red devils (Volcano)
  2 trolls
  4 polar bears
  18 blink frogs
  A shadow (D:9)
  43 yaks
  4 wraiths
  6 wyverns
  5 fire bats
  2 steam dragons
  3 vampire mosquitoes (D:10)
  3 basilisks
  14 water moccasins
  A hell hound (Volcano)
  An elephant zombie (Lair:5)
  6 black bears
  2 ice beasts (D:7)
  3 sky beasts
  3 orc warriors
  7 wolves
  3 centaurs
  An elephant skeleton (Lair:5)
  2 kobold brigands
  14 bullfrogs
  4 scorpions
  12 wights
  A hexer (Lair:4)
  6 killer bees
  2 howler monkeys
  3 jellies
  3 bombardier beetles
  A centaur zombie (D:6)
  5 lava snakes (Volcano)
  3 hounds
  A gnoll bouda (D:7)
  6 orc priests
  3 iguanas
  2 sleepcaps (D:6)
  10 orc wizards
  A hell rat (Sewer)
  7 adders
  8 gnolls
  A river rat (Sewer)
  A shadow imp (D:7)
  A white imp (D:7)
  4 ufetubi
  A dart slug (D:1)
  5 ribbon worms
  24 orcs
  2 ball pythons
  13 endoplasms
  5 giant cockroaches
  10 hobgoblins
  3 jackals (D:2)
  9 kobolds
  3 quokkas
  6 bats
  4 frilled lizards (D:1)
  10 goblins
  3 rats
382 creatures vanquished.

Vanquished Creatures (collateral kills)
  A dire elephant (Lair:5)
  Harold (Lair:1)
  A boulder beetle (Lair:1)
  A skyshark (Lair:4)
  A hell knight (Volcano)
  A spectral death yak (Lair:5)
  A lindwurm (Lair:4)
  A necromancer (Lair:5)
  An ugly thing (Volcano)
  2 elephants (Lair:2)
  2 black mambas
  6 komodo dragons
  A rime drake (Lair:4)
  A polar bear (Lair:3)
  11 blink frogs
  2 wraiths (Lair:4)
  9 yaks
  A fire bat (Volcano)
  A steam dragon (D:10)
  A spectral cane toad (Lair:5)
  3 water moccasins
  An orc warrior (D:10)
  An ice beast (D:7)
  3 wolves
  An elephant skeleton (Lair:5)
  6 bullfrogs
  An elephant simulacrum (Lair:5)
  2 killer bees (D:9)
  A lava snake (Volcano)
  2 orc priests (D:10)
  A sleepcap (D:7)
  3 orc wizards
  2 gnolls (D:7)
  A white imp (D:7)
  7 orcs
  A butterfly (Lair:1)
82 creatures vanquished.

Vanquished Creatures (others)
  3 ancestors
  9 hexers
12 creatures vanquished.

Grand Total: 476 creatures vanquished

Notes
Turn   | Place    | Note
-------+----------+-------------------------------------------
     0 | D:1      | zenocrate the Octopode Earth Elementalist began the quest
                  | for the Orb.
     0 | D:1      | Reached XP level 1. HP: 11/11 MP: 3/3
   170 | D:1      | Reached XP level 2. HP: 18/18 MP: 5/5
   431 | D:1      | Reached skill level 1 in Fighting
   440 | D:1      | Reached XP level 3. HP: 23/23 MP: 1/6
   444 | D:1      | Learned a level 3 spell: Stone Arrow
  1174 | D:2      | Found a snail-covered altar of Cheibriados.
  1500 | D:2      | Reached XP level 4. HP: 28/28 MP: 5/7
  1666 | D:2      | Learned a level 2 spell: Blink
  2212 | D:3      | Reached skill level 1 in Unarmed Combat
  2213 | D:3      | Found a glowing drain.
  2228 | D:3      | Reached XP level 5. HP: 33/33 MP: 1/8
  2233 | Sewer    | Entered a sewer
  2621 | D:3      | Found a faded altar of an unknown god.
  3094 | D:4      | Reached skill level 2 in Fighting
  3098 | D:4      | Reached XP level 6. HP: 39/39 MP: 6/10
  3172 | D:4      | Learned a level 4 spell: Brom's Barrelling Boulder
  4029 | D:5      | Entered Level 5 of the Dungeon
  4050 | D:5      | Reached XP level 7. HP: 43/45 MP: 2/11
  4262 | D:5      | Identified the maw talisman "Owkug" {rElec rN+ Int+3}
  4436 | D:5      | Reached skill level 3 in Fighting
  4889 | D:5      | Reached XP level 8. HP: 52/52 MP: 9/13
  5139 | D:6      | Found a staircase to the Ecumenical Temple.
  5205 | Temple   | Entered the Ecumenical Temple
  5236 | Temple   | Became a worshipper of Hepliaklqana the Forgotten
  5470 | D:6      | Found a shimmering altar of Xom.
  5473 | D:6      | Found a basalt altar of Yredelemnul.
  5480 | D:6      | Found a radiant altar of Vehumet.
  5494 | D:6      | Found a hide-covered altar of Uskayaw.
  5588 | D:6      | Reached skill level 4 in Fighting
  5712 | D:6      | Noticed a troll
  5729 | D:6      | Reached skill level 5 in Earth Magic
  5733 | D:6      | Killed a troll
  6214 | D:6      | Noticed a two-headed ogre
  6222 | D:6      | Killed a two-headed ogre
  6223 | D:6      | Reached skill level 5 in Fighting
  6223 | D:6      | Reached skill level 5 in Dodging
  6223 | D:6      | Reached XP level 9. HP: 54/62 MP: 3/16
  6311 | D:6      | Reached * piety under Hepliaklqana
  6330 | D:6      | Learned a level 4 spell: Dispel Undead
  6483 | D:7      | Identified the +2 ring mail of Huwewaegg {Fly rElec Dex+3
                  | Slay-2}
  6572 | D:7      | Reached skill level 5 in Spellcasting
  6847 | D:7      | Reached skill level 6 in Fighting
  6847 | D:7      | Reached skill level 1 in Evocations
  6884 | D:7      | Reached skill level 1 in Invocations
  6986 | D:7      | Reached skill level 5 in Conjurations
  7445 | D:7      | Reached XP level 10. HP: 61/61 MP: 18/18
  7572 | D:7      | Noticed a manticore
  7586 | D:7      | Killed a manticore
  7587 | D:7      | Reached skill level 5 in Stealth
  7693 | D:7      | Learned a level 5 spell: Freezing Cloud
  8258 | D:7      | Reached skill level 7 in Fighting
  8308 | D:8      | Found a staircase to the Lair.
  8363 | D:8      | Reached XP level 11. HP: 67/67 MP: 10/20
  8645 | D:8      | Found a runed translucent gate.
  8645 | D:8      | Found a runed translucent gate.
  8645 | D:8      | Found a runed translucent gate.
  8646 | D:8      | Reached ** piety under Hepliaklqana
  8698 | D:8      | Noticed jasper's ghost (journeyman DsCA)
  8700 | D:8      | Noticed a ten-headed hydra
  8820 | D:8      | Remembered your ancestor Ysoijah as a hexer
  9276 | D:9      | Found a sacrificial altar of Ru.
  9533 | D:9      | Found an opulent altar of Gozag.
  9587 | D:9      | Found Ratucw's Gadget Gallery.
  9595 | D:9      | Bought a wand of light (7) for 411 gold pieces
  9651 | D:9      | Found a glowing silver altar of Zin.
  9678 | D:10     | Entered Level 10 of the Dungeon
 10101 | D:10     | Reached skill level 8 in Fighting
 10575 | D:10     | Found a staircase to the Orcish Mines.
 10695 | Lair:1   | Entered Level 1 of the Lair of Beasts
 10941 | Lair:1   | Reached *** piety under Hepliaklqana
 10975 | Lair:1   | Reached skill level 5 in Evocations
 10985 | Lair:1   | Reached skill level 1 in Shapeshifting
 10987 | Lair:1   | Reached skill level 5 in Invocations
 11154 | Lair:1   | Noticed Harold
 11161 | Lair:1   | Killed Harold
 11665 | Lair:1   | Reached XP level 12. HP: 59/75 MP: 11/22
 11704 | Lair:1   | Reached skill level 9 in Fighting
 11898 | Lair:1   | Noticed a boulder beetle
 11920 | Lair:1   | Killed a boulder beetle
 12911 | Lair:2   | Reached skill level 1 in Necromancy
 13199 | Lair:2   | Learned a level 4 spell: Sticky Flame
 13335 | Lair:2   | Found a hole to the Spider Nest.
 13397 | Lair:2   | Noticed a skyshark
 13404 | Lair:2   | Killed a skyshark
 14373 | Lair:2   | Found a staircase to the Shoals.
 14593 | Lair:3   | Reached XP level 13. HP: 81/81 MP: 24/24
 14673 | Lair:3   | Found a sacrificial altar of Ru.
 15011 | Lair:3   | Reached **** piety under Hepliaklqana
 15062 | Lair:3   | Reached skill level 1 in Alchemy
 15065 | Lair:3   | Reached skill level 1 in Fire Magic
 16109 | Lair:4   | Reached skill level 10 in Fighting
 16530 | Lair:4   | Found a dark tunnel.
 16609 | Volcano  | Entered a volcano
 17375 | Volcano  | Found a radiant altar of Vehumet.
 17998 | Lair:4   | Found a burning altar of Makhleb.
 18002 | Lair:4   | Reached ***** piety under Hepliaklqana
 18047 | Lair:4   | Found a runed translucent door.
 18047 | Lair:4   | Noticed an azure jelly
 18048 | Lair:4   | Found a viscous altar of Jiyva.
 18170 | Lair:4   | Found a staircase to the Slime Pits.
 18780 | Lair:4   | Reached XP level 14. HP: 89/89 MP: 13/26
 19157 | Lair:4   | Reached skill level 5 in Shapeshifting
 20143 | Lair:4   | Learned a level 3 spell: Swiftness
 20301 | Lair:5   | Entered Level 5 of the Lair of Beasts
 20431 | Lair:5   | Noticed Snorg
 20507 | Lair:4   | Killed Snorg
 20821 | Lair:4   | Reached skill level 5 in Alchemy
 21307 | Lair:5   | Noticed Josephine
 21311 | Lair:5   | Killed Josephine
 21544 | Lair:5   | Reached skill level 5 in Fire Magic
 21782 | Lair:5   | Reached skill level 11 in Fighting
 21925 | Lair:5   | Noticed a dire elephant
 21930 | Lair:5   | Noticed a dire elephant
 21952 | Lair:5   | Noticed a dire elephant
 21966 | Lair:5   | Killed a dire elephant
 21967 | Lair:5   | Reached skill level 10 in Dodging
 22705 | Lair:5   | Killed a dire elephant
 22720 | Lair:5   | Slain by a spectral anaconda

Illustrated notes

Levels and vault maps discovered:
D:1:      lemuel_arrival_tunnels, layout_basic, minmay_pentomino_s4
D:2:      minmay_skewed_foursquare, layout_loops_ring, basic_altar
D:3:      layout_basic, cheibrodos_sewer_entry_drain, serial_rivers,
          chequers_serial_rivers_micro_b, chequers_serial_rivers_small_3,
          chequers_serial_rivers_room_b, chequers_serial_rivers_large_b,
          chequers_serial_rivers_marsh, chequers_serial_rivers_micro_a,
          dreamdust_ecumenical_altar_statues
D:4:      layout_gridville
D:5:      layout_basic
D:6:      layout_basic, grunt_temple_overflow_cloverleaf,
          minmay_temple_entry_tees, serial_undead, serial_undead_f,
          serial_undead_b, serial_undead_b, serial_undead_e
D:7:      minmay_razor_zed, layout_basic, mrwooster_statue_mirror,
          minmay_diced_spiral
D:8:      layout_rooms, due_lair_maze_entry_diamond, gammafunk_ghost_hydra_chop,
          st_stairs_8, nicolae_fountain_basement
D:9:      layout_cave_pools, pdpol_temple_overflow_zin_treasury_gozag_greed,
          mainiacjoe_overflow_alcove_2, corexii_hall_statues_u,
          nicolae_shop_gadgets
D:10:     layout_irregular_city, hiddenorc1_lemuel
Temple:   minmay_freezing_vapour_temple
Lair:1:   layout_hall_layers, dpeg_stationary_puzzle, lemuel_fruit_fields,
          uniq_harold
Lair:2:   layout_hall_layers, shoals_dummy_entry, dummy_spider_entry,
          lemuel_fruit_tree
Lair:3:   layout_loops_ring, basic_altar, grunt_megastairs_5
Lair:4:   minmay_lair_oklob_chamber, layout_cave_pods, slime_entry_2,
          nicolae_volcano_entry_batcave, basic_altar, grunt_megastairs_2
Lair:5:   due_jungle_book, layout_regular_city, infiniplex_staircase_pool,
          uniq_josephine, uniq_snorg

Skill      XL: |  1  2  3  4  5  6  7  8  9 10 11 12 13 14 |
---------------+-------------------------------------------+-----
Stealth        | 3 4 6 |  6.8
Fighting       | 1 2 3 5 6 7 8 9 10 11 | 11.1
Unarmed Combat | 1 2 3 |  3.5
Conjurations   | 2 3 4 5 6 7 8 |  8.0
Dodging        | 3 5 6 7 8 9 10 | 10.1
Spellcasting   | 3 4 5 6 7 8 9 |  9.3
Earth Magic    | 4 5 6 7 8 |  8.5
Evocations     | 2 3 5 6 |  6.4
Invocations    | 2 4 5 6 |  6.7
Shapeshifting  | 1 3 4 5 |  5.9
Necromancy     | 2 |  2.7
Alchemy        | 4 5 |  5.7
Fire Magic     | 3 5 |  5.3

Action                     |  1- 3 |  4- 6 |  7- 9 | 10-12 | 13-15 || total
---------------------------+-------+-------+-------+-------+-------++-------
  Melee: Unarmed           |    18 |       |       |       |   109 ||   127
         Constrict         |    13 |    19 |    23 |    32 |    21 ||   108
         Tentacles         |     6 |    14 |    23 |    63 |    80 ||   186
         Short sword       |    15 |    60 |       |       |       ||    75
         Long sword        |       |     5 |    84 |   212 |    17 ||   318
         Staff             |       |       |       |       |    74 ||    74
         Punch             |       |       |       |       |     5 ||     5
   Cast: Sandblast         |    35 |    31 |       |       |       ||    66
         Stone Arrow       |       |     6 |    62 |   194 |   293 ||   555
         Blink             |       |       |       |     1 |     2 ||     3
         Sticky Flame      |       |       |       |       |    22 ||    22
         Dispel Undead     |       |       |       |       |     1 ||     1
 Invoke: Recall Ancestor   |       |       |       |     1 |       ||     1
         Ancestor Life: He |       |       |       |     1 |       ||     1
  Evoke: Wand              |       |       |     2 |    10 |    11 ||    23
         Phial of floods   |       |       |       |       |     1 ||     1
    Use: Scroll            |       |    10 |     7 |    11 |     6 ||    34
         Potion            |       |       |       |     2 |     4 ||     6
   Stab: Sleeping          |     3 |    17 |     4 |     1 |       ||    25
         Distracted        |       |       |       |     5 |     2 ||     7
         Confused          |       |       |       |       |     4 ||     4
 Armour: Skin              |    24 |    26 |    59 |   205 |   197 ||   511
  Dodge: Dodged            |    21 |    38 |   107 |   332 |   355 ||   853
  Block: Other             |       |       |    29 |    77 |       ||   106
         Reflection        |       |       |     1 |     4 |       ||     5

Table legend: (Time is in decaauts)
 A = Elapsed time spent in this place.
 B = Non-inter-level travel time spent in this place.
 C = Inter-level travel time spent in this place.
 D = Time resting spent in this place.
 E = Time spent auto-exploring this place.
 F = Levels seen in this place.
 G = Mean time per level.
                   A        B        C        D        E       F      G
               +--------+--------+--------+--------+--------+-----+--------+
         Total |  22885 |  22215 |    670 |   1022 |  17971 |  18 | 1271.4 |
       Dungeon |  10586 |  10280 |    306 |    217 |   8498 |  10 | 1058.6 |
        Temple |     36 |     36 |      0 |      0 |     26 |   1 |   36.0 |
          Lair |  10817 |  10453 |    364 |    805 |   8168 |   5 | 2163.4 |
         Sewer |    187 |    187 |      0 |      0 |    154 |   1 |  187.0 |
       Volcano |   1256 |   1256 |      0 |      0 |   1125 |   1 | 1256.0 |
               +--------+--------+--------+--------+--------+-----+--------+

Top non-repeatable levels by time:
  Lair:4: 3707 daAuts
  Lair:1: 2270 daAuts
     D:7: 1900 daAuts
  Lair:2: 1858 daAuts
  Lair:5: 1547 daAuts
  Lair:3: 1433 daAuts
     D:6: 1308 daAuts
 Volcano: 1256 daAuts
     D:1: 1125 daAuts
     D:4: 1023 daAuts
    D:10: 1012 daAuts
     D:2: 952 daAuts
     D:5: 903 daAuts
     D:9: 850 daAuts
     D:3: 837 daAuts
